 Dungeon Crawl Stone Soup version 0.16-a0-360-g33738f0 (webtiles) character file.

606 SumunSinsot the Chopper (level 7, 0/55 HPs)
             Began as a Human Berserker on Sept 11, 2014.
             Was an Elder of Trog.
             Killed from afar by SnowFan's ghost (10 damage)
             ... with a magic dart
             ... on Level 4 of the Dungeon.
             The game lasted 00:36:17 (2707 turns).

SumunSinsot the Chopper (Human Berserker)           Turns: 2707, Time: 00:36:17

HP   0/55        AC 14     Str 19      XL: 7   Next: 71%
MP   7/7         EV  9     Int  7      God: Trog [****..]
Gold 257         SH  0     Dex 13      Spells:  0 memorised,  6 levels left

rFire  + + .     SeeInvis .     a - +1 hand axe
rCold  x . .     Clarity  .     f - +4 fire dragon armour
rNeg   . . .     rCorr    .     (no shield)
rPois  .         rRot     .     (helmet restricted)
rElec  .         Spirit   .     g - +0 cloak
SustAb +         Warding  .     (no gloves)
rMut   .         Stasis   .     (no boots)
Gourm  .                        (no amulet)
MR     .....                    (no ring)
                                k - ring of sustain abilities

@: not resistant to hostile enchantments, extremely unstealthy
A: horns 1, blurry vision 1
a: Burn Spellbooks, Berserk, Trog's Hand, Brothers in Arms, Renounce Religion


You were on level 4 of the Dungeon.
You worshipped Trog.
Trog was greatly pleased with you.
You were not hungry.

You visited 1 branch of the dungeon, and saw 4 of its levels.

You collected 257 gold pieces.

Inventory:

Hand weapons
 a - a +1 hand axe (weapon)
Missiles
 j - 40 arrows
Armour
 e - a +0 ring mail
 f - a +4 fire dragon armour (worn)
 g - a +0 cloak (worn)
 h - a +0 pair of gloves
Comestibles
 b - a slice of pizza
 c - a bread ration
Jewellery
 k - a ring of sustain abilities (left hand)
Potions
 d - 2 potions of degeneration {unknown}
 m - 3 potions of resistance
 o - 2 potions of brilliance {unknown}


   Skills:
 + Level 4.8 Fighting
 + Level 4.8 Axes
 + Level 4.2 Armour
 + Level 4.4 Dodging


You had 6 spell levels left.
You didn't know any spells.

Dungeon Overview and Level Annotations

Branches:
Dungeon (4/15)
 Temple: D:4-7

Altars:
Fedhas
Sif Muna
Zin
The Shining One

Annotations:
D:4 SnowFan's ghost, average DECj


Innate Abilities, Weirdness & Mutations

You have a pair of small horns on your head.
Your vision is a little blurry.


Message History

You feel yourself speed up.
You feel less exhausted.
Eat which item? (? for menu, Esc to quit)
You continue eating. x3
You finish eating.
That meat ration really hit the spot!
SnowFan's ghost (average Deep Elf Conjurer) comes into view.
SnowFan's ghost turns its malevolent gaze towards you.
SnowFan's ghost gestures at you while chanting.
The magic dart hits you!
* * * LOW HITPOINT WARNING * * *
SnowFan's ghost points at you and mumbles some strange words.
The magic dart hits you!
* * * LOW HITPOINT WARNING * * *
SnowFan's ghost gestures at you while chanting.
The magic dart hits you!
* * * LOW HITPOINT WARNING * * *
SnowFan's ghost ripples.
SnowFan's ghost gestures at you while chanting.
The magic dart hits you!
You die...

.#...# #.## .#.... ..#.!..
...#.## #...... ...#####
#. #?....# .......#....
#.....# ...###[#...
#.....## ..........
#......##.
...#.#.#.#.#####...W.....#
...#.#.#.#......@....#
.................)...#
#..###...##..........#
.#.###.########.)...##
.#>........##§≈§≈≈..#
.#########.##≈###≈.## .
#....'_'..# . ###.≈###≈##
#.≈≈≈≈§#


You could see SnowFan's ghost.

Vanquished Creatures
  Grinder (D:4)
  Sigmund (D:3)
  Crazy Yiuf (D:2)
  An iguana (D:3)
  A worker ant (D:4)
  Ijyb (D:4)
  6 adders
  5 gnolls
  2 worms (D:2)
  4 giant geckos
  An ooze (D:3)
  5 orcs
  19 bats
  5 hobgoblins
  12 jackals
  7 kobolds
  5 giant cockroaches
  2 giant newts
  7 goblins
  A goblin skeleton (D:4)
  3 quokkas
  6 rats
96 creatures vanquished.

Notes
Turn   | Place    | Note
--------------------------------------------------------------
     0 | D:1      | SumunSinsot, the Human Berserker, began the quest for the Orb.
     0 | D:1      | Reached XP level 1. HP: 18/18 MP: 1/1
   212 | D:1      | Reached XP level 2. HP: 22/24 MP: 2/2
   396 | D:1      | Acquired Trog's second power
   546 | D:2      | Gained mutation: Your vision is a little blurry. [potion of mutation]
   546 | D:2      | Gained mutation: You have a pair of small horns on your head. [potion of mutation]
   611 | D:2      | Reached XP level 3. HP: 19/29 MP: 3/3
   726 | D:2      | Found a deep blue altar of Sif Muna.
   804 | D:2      | Reached XP level 4. HP: 8/35 MP: 4/4
  1091 | D:2      | Found a glowing golden altar of the Shining One.
  1449 | D:2      | Reached XP level 5. HP: 41/41 MP: 5/5
  1551 | D:2      | Found a glowing silver altar of Zin.
  1571 | D:2      | Reached skill level 4 in Axes
  1601 | D:2      | Noticed Crazy Yiuf
  1608 | D:2      | Killed Crazy Yiuf
  1796 | D:3      | Reached XP level 6. HP: 44/48 MP: 6/6
  1928 | D:3      | Noticed Sigmund
  1942 | D:3      | Killed Sigmund
  2063 | D:3      | Acquired Trog's third power
  2388 | D:4      | Noticed Ijyb
  2414 | D:4      | Killed Ijyb
  2586 | D:4      | Reached XP level 7. HP: 53/55 MP: 7/7
  2590 | D:4      | Found a blossoming altar of Fedhas.
  2595 | D:4      | Noticed Grinder
  2608 | D:4      | Paralysed by Grinder for 6 turns
  2619 | D:4      | Paralysed by Grinder for 4 turns
  2628 | D:4      | Paralysed by Grinder for 6 turns
  2636 | D:4      | Killed Grinder
  2700 | D:4      | Noticed SnowFan's ghost (average DECj)
  2707 | D:4      | Killed from afar by SnowFan's ghost

Action                   |  1- 3 |  4- 6 |  7- 9 || total
-------------------------+-------+-------+-------++-------
Melee: Hand axe          |   105 |   226 |    14 ||   345
Invok: Berserk           |     1 |     4 |     1 ||     6
       Burn Spellbooks   |       |     1 |       ||     1
  Use: Scroll            |     6 |     3 |       ||     9
       Potion            |     1 |       |     1 ||     2
  Eat: Chunk             |     1 |       |       ||     1
       Bread ration      |       |     2 |       ||     2
       Pizza             |       |     1 |       ||     1
       Meat ration       |       |       |     1 ||     1
